 Dungeon Crawl Stone Soup version 0.21.1-1-g345015fe64 (webtiles) character file.

3079 coier the Magician (level 9, 0/71 HPs)
             Began as a Gnoll Warper on Mar 25, 2018.
             Succumbed to a killer bee's poison
             ... on level 7 of the Dungeon.
             The game lasted 00:12:00 (8494 turns).

coier the Magician (Gnoll Warper)                   Turns: 8494, Time: 00:12:01

Health: 0/71       AC:  7    Str: 17    XL:     9   Next: 89%
Magic:  19/19      EV: 15    Int: 16    God:
Gold:   573        SH:  7    Dex: 12    Spells: 19/21 levels left

rFire    + + .     SeeInvis .   C - +0 falchion (venom)
rCold    . . .     Gourm    .   m - +0 buckler
rNeg     . . .     Faith    .   n - +0 ring mail
rPois    +         Spirit   .   i - +1 helmet
rElec    +         Reflect  +   (no cloak)
rCorr    +         Harm     .   B - +0 pair of gloves
MR       .....                  (no boots)
Stlth    ++........             x - +2 amulet of reflection
HPRegen  0.21/turn              r - ring of fire
MPRegen  0.16/turn              l - +1 ring of evasion

@: lethally poisoned (0 -> -24), resistant
A: distributed training, fangs 1, clumsy 1, deformed body, wild magic 1, strong
nose
a: no special abilities


You were on level 7 of the Dungeon.
You were not hungry.

You visited 2 branches of the dungeon, and saw 9 of its levels.

You collected 573 gold pieces.

Inventory:

Hand Weapons
 C - a +0 falchion of venom (weapon)
Missiles
 e - 5 tomahawks of dispersal (quivered)
Armour
 b - a +0 leather armour
 i - a +1 helmet (worn)
 m - a +0 buckler (worn)
 n - a +0 ring mail (worn)
 p - a +0 plate armour
 B - a +0 pair of gloves (worn)
Jewellery
 j - an uncursed ring of resist corrosion
 l - a +1 ring of evasion (right hand)
 r - a ring of fire (left hand)
 x - a +2 amulet of reflection (around neck)
Wands
 a - a wand of polymorph (11)
 u - a wand of enslavement (9)
 y - a wand of paralysis (9)
Scrolls
 d - 3 scrolls of blinking
 k - 5 scrolls of teleportation
 q - 2 scrolls of enchant weapon
 s - a scroll of remove curse
 t - 2 scrolls of magic mapping
 v - a scroll of noise {unknown}
 A - a scroll of random uselessness {unknown}
Potions
 h - a potion of magic
 z - a potion of flight
Books
 c - a book of Spatial Translocations

   Spells                             Type                      Level
   a - Blink                          Translocation                2
   b - Shroud of Golubria             Charms/Translocation         2
   c - Lesser Beckoning               Translocation                3
   d - Gell's Gravitas                Translocation                3
   e - Teleport Other                 Translocation                3
   f - Passage of Golubria            Translocation                4
 o - a book of Cantrips

   Spells                             Type                      Level
   a - Confusing Touch                Hexes                        1
   b - Animate Skeleton               Necromancy                   1
   c - Summon Small Mammal            Summoning                    1
   d - Apportation                    Translocation                1
Comestibles
 f - 15 rations


   Skills:
 + Level 6.5 Fighting
 + Level 4.5 Short Blades
 + Level 4.5 Long Blades
 + Level 6.5 Axes
 + Level 4.5 Maces & Flails
 + Level 4.5 Polearms
 + Level 4.5 Staves
 + Level 4.5 Slings
 + Level 4.5 Bows
 + Level 4.5 Crossbows
 + Level 5.3 Throwing
 + Level 5.3 Armour
 + Level 6.5 Dodging
 + Level 4.5 Stealth
 + Level 4.5 Shields
 + Level 4.5 Unarmed Combat
 + Level 6.8 Spellcasting
 + Level 3.8 Conjurations
 + Level 3.8 Hexes
 + Level 3.8 Charms
 + Level 3.8 Summonings
 + Level 3.8 Necromancy
 + Level 6.7 Translocations
 + Level 3.8 Transmutations
 + Level 3.8 Fire Magic
 + Level 3.8 Ice Magic
 + Level 3.8 Air Magic
 + Level 3.8 Earth Magic
 + Level 3.8 Poison Magic
 + Level 5.0 Invocations
 + Level 4.5 Evocations


You had 19 spell levels left.
You knew the following spells:

 Your Spells              Type           Power        Failure   Level  Hunger
a - Blink                 Tloc           N/A          3%          2    None


Dungeon Overview and Level Annotations

Branches:
Dungeon (8/15)             Temple (1/1) D:5
   Lair: D:8-11

Altars:
Ashenzari
Cheibriados
Dithmenos
Elyvilon
Fedhas
Gozag
Hepliaklqana
Kikubaaqudgha
Makhleb
Nemelex Xobeh
Qazlal
Ru
Uskayaw
Vehumet
Wu Jian
Yredelemnul
Zin


Innate Abilities, Weirdness & Mutations

Your experience applies equally to all skills.
You have very sharp teeth.
Your uncanny sense of smell can sniff out nearby items.
You are clumsy. (Dex -2)
Armour fits poorly on your strangely shaped body.
Your spells are a little harder to cast, but a little more powerful.


Message History

The killer bee looks as sick as possible!
You bite the killer bee.
The killer bee is severely wounded.
* * * LOW HITPOINT WARNING * * *
You feel very sick.
You kill the killer bee!
You feel protected.
* * * LOW HITPOINT WARNING * * *
You feel very sick.
Unknown command.
Unknown command.
You feel extremely strange.
You feel clumsy.
Your body twists and deforms.
You feel less in control of your magic.
* * * LOW HITPOINT WARNING * * *
You feel sick.
Unknown command.
There is a lethal amount of poison in your body!
There is a lethal amount of poison in your body!
You die...

##### ## #...# .# #...#
.####...################
.'..'...'.....[.@......#
.####...##......######.#
.# #...##......# #.#
.####...##.[....# #.#
........##......# #.#
.....#####......# #.#
.....# #......# #.#
.....# #......# #.#
.....# #......# #.#


There were no monsters in sight!

Vanquished Creatures
  Psyche (D:7)
  Sigmund (D:2)
  4 yaks (D:8)
  Menkaure (D:5)
  An ice beast (D:7)
  The ghost of Norrik the Poker, an amateur MiMo (D:3)
  A phantom (D:6)
  2 centaurs
  Blork the orc (D:4)
  A bullfrog (D:6)
  2 scorpions
  3 killer bees
  A howler monkey (D:5)
  5 crimson imps
  A centaur zombie (D:5)
  4 hounds (D:4)
  2 orc priests (D:3)
  A bullfrog skeleton (D:4)
  3 orc wizards
  Natasha (twice) (D:2)
  3 iguanas
  4 worker ants
  A hound zombie (D:5)
  A howler monkey skeleton (D:7)
  10 adders
  An adder skeleton (D:4)
  2 worms (D:2)
  2 dart slugs
  5 leopard geckos
  21 orcs
  A ball python (D:1)
  8 bats
  3 giant cockroaches
  4 goblins
  8 hobgoblins
  5 jackals (D:5)
  2 quokkas
  A frilled lizard (D:4)
  7 kobolds
  2 leopard gecko zombies
  9 rats
138 creatures vanquished.

Vanquished Creatures (collateral kills)
  A porcupine (D:8)
1 creature vanquished.

Vanquished Creatures (others)
  A killer bee (D:8)
1 creature vanquished.

Grand Total: 140 creatures vanquished

Notes
Turn   | Place    | Note
-------+----------+-------------------------------------------
     0 | D:1      | coier the Gnoll Warper began the quest for the Orb.
     0 | D:1      | Reached XP level 1. HP: 20/20 MP: 6/6
   242 | D:1      | Reached XP level 2. HP: 25/26 MP: 7/7
   351 | D:1      | Reached XP level 3. HP: 27/31 MP: 9/9
   367 | D:1      | Reached skill level 5 in Spellcasting
   893 | D:2      | Reached skill level 1 in Invocations
  1106 | D:2      | Noticed Sigmund
  1124 | D:2      | Killed Sigmund
  1124 | D:2      | Reached skill level 1 in Short Blades
  1124 | D:2      | Reached skill level 1 in Long Blades
  1124 | D:2      | Reached skill level 1 in Maces & Flails
  1124 | D:2      | Reached skill level 1 in Polearms
  1124 | D:2      | Reached skill level 1 in Staves
  1124 | D:2      | Reached skill level 1 in Slings
  1124 | D:2      | Reached skill level 1 in Bows
  1124 | D:2      | Reached skill level 1 in Crossbows
  1124 | D:2      | Reached skill level 1 in Stealth
  1124 | D:2      | Reached skill level 1 in Shields
  1124 | D:2      | Reached skill level 1 in Unarmed Combat
  1124 | D:2      | Reached skill level 1 in Conjurations
  1124 | D:2      | Reached skill level 1 in Hexes
  1124 | D:2      | Reached skill level 1 in Charms
  1124 | D:2      | Reached skill level 1 in Summonings
  1124 | D:2      | Reached skill level 1 in Necromancy
  1124 | D:2      | Reached skill level 1 in Transmutations
  1124 | D:2      | Reached skill level 1 in Fire Magic
  1124 | D:2      | Reached skill level 1 in Ice Magic
  1124 | D:2      | Reached skill level 1 in Air Magic
  1124 | D:2      | Reached skill level 1 in Earth Magic
  1124 | D:2      | Reached skill level 1 in Poison Magic
  1124 | D:2      | Reached skill level 1 in Evocations
  1124 | D:2      | Reached XP level 4. HP: 20/38 MP: 11/11
  1124 | D:2      | Reached XP level 5. HP: 22/43 MP: 12/12
  1555 | D:2      | Noticed Natasha
  1566 | D:2      | Killed Natasha
  1566 | D:2      | Reached XP level 6. HP: 35/50 MP: 13/13
  1870 | D:2      | Noticed Natasha
  1892 | D:2      | Killed Natasha
  2403 | D:3      | Reached skill level 5 in Fighting
  2403 | D:3      | Reached skill level 5 in Axes
  2403 | D:3      | Reached skill level 5 in Dodging
  2505 | D:3      | Noticed Norrik's ghost (amateur MiMo)
  2683 | D:3      | Killed Norrik's ghost
  2683 | D:3      | Reached XP level 7. HP: 21/56 MP: 15/15
  2929 | D:3      | Found a sacrificial altar of Ru.
  2933 | D:3      | Learned a level 2 spell: Blink
  3756 | D:4      | Found a blossoming altar of Fedhas.
  4016 | D:4      | Found an ornate altar of the Wu Jian Council.
  4145 | D:4      | Noticed Blork the orc
  4164 | D:4      | Killed Blork the orc
  4255 | D:5      | Entered Level 5 of the Dungeon
  4339 | D:5      | Reached XP level 8. HP: 47/63 MP: 16/16
  4625 | D:5      | Noticed Menkaure
  4994 | D:5      | Found a snail-covered altar of Cheibriados.
  5061 | D:5      | Found a staircase to the Ecumenical Temple.
  5167 | D:5      | Killed Menkaure
  5470 | Temple   | Entered the Ecumenical Temple
  5807 | D:5      | Found a shadowy altar of Dithmenos.
  7391 | D:7      | Reached XP level 9. HP: 67/69 MP: 18/18
  7706 | D:8      | Noticed Psyche
  7747 | D:7      | Killed Psyche
  7747 | D:7      | Reached skill level 5 in Throwing
  7747 | D:7      | Reached skill level 5 in Armour
  8083 | D:8      | HP: 2/70 [yak (9)]
  8427 | D:8      | Found a hide-covered altar of Uskayaw.
  8484 | D:8      | Reached skill level 5 in Invocations
  8493 | D:7      | Gained mutation: You are clumsy. (Dex -2) [potion of mutation]
  8493 | D:7      | Gained mutation: Armour fits poorly on your strangely shaped body. [potion of mutation]
  8493 | D:7      | Gained mutation: Your spells are a little harder to cast, but a little more powerful. [potion of mutation]
  8493 | D:7      | HP: 2/71 [poisoned by a killer bee]
  8494 | D:7      | Succumbed to a killer bee's poison

Skill      XL: |  1  2  3  4  5  6  7  8  9 |
---------------+----------------------------+-----
Spellcasting   | 5 6 |  6.8
Invocations    | 1 2 3 4 5 |  5.0
Short Blades   | 1 2 3 4 |  4.5
Long Blades    | 1 2 3 4 |  4.5
Maces & Flails | 1 2 3 4 |  4.5
Polearms       | 1 2 3 4 |  4.5
Staves         | 1 2 3 4 |  4.5
Slings         | 1 2 3 4 |  4.5
Bows           | 1 2 3 4 |  4.5
Crossbows      | 1 2 3 4 |  4.5
Throwing       | 3 4 5 |  5.3
Armour         | 3 4 5 |  5.3
Stealth        | 1 2 3 4 |  4.5
Shields        | 1 2 3 4 |  4.5
Unarmed Combat | 1 2 3 4 |  4.5
Conjurations   | 1 2 3 |  3.8
Hexes          | 1 2 3 |  3.8
Charms         | 1 2 3 |  3.8
Summonings     | 1 2 3 |  3.8
Necromancy     | 1 2 3 |  3.8
Transmutations | 1 2 3 |  3.8
Fire Magic     | 1 2 3 |  3.8
Ice Magic      | 1 2 3 |  3.8
Air Magic      | 1 2 3 |  3.8
Earth Magic    | 1 2 3 |  3.8
Poison Magic   | 1 2 3 |  3.8
Evocations     | 1 2 3 4 |  4.5
Fighting       | 5 6 |  6.5
Axes           | 5 6 |  6.5
Dodging        | 5 6 |  6.5
Translocations | 6 |  6.7

Action                   |  1- 3 |  4- 6 |  7- 9 || total
-------------------------+-------+-------+-------++-------
Melee: Hand axe          |    99 |   114 |   531 ||   744
       Bite              |    11 |    12 |    59 ||    82
       Falchion          |       |       |    82 ||    82
Evoke: Wand              |       |       |     4 ||     4
  Use: Scroll            |       |     1 |    10 ||    11
       Potion            |       |       |     5 ||     5
 Stab: Sleeping          |     1 |     2 |     1 ||     4
       Paralysed         |       |       |     7 ||     7
       Distracted        |       |       |     1 ||     1
  Eat: Chunk             |     1 |     5 |    19 ||    25
Armor: Leather armour    |    24 |    16 |    13 ||    53
       Plate armour      |       |       |   310 ||   310
       Ring mail         |       |       |     3 ||     3
Dodge: Dodged            |    81 |    80 |   247 ||   408
Block: Buckler           |       |    21 |   131 ||   152
       Rpst.: Falchion   |       |       |     9 ||     9
